Construct Section Command Post
Construct Platoon Command Post
Selects Air and Sea Battlegroup
Unlock M3 Stuart Light Tanks
6-pounder Anti-tank Gun Team
Selects Commando Section Paradrop
Commando Section Paradrop
Construct Company Command Post
Selects Commando LMG Section Paradrop
Unlock Towed 17-pounder Anti-tank Guns
Selects Anti-tank Rocket Loiter
17-pounder Anti-tank Gun Team
Selects Centaur Medium Tank
Selects Naval Bombardment
Commando LMG Section Paradrop
Commando LMG Section Paradrop